 Dungeon Crawl Stone Soup version 0.20-a0-967-g62cfa5d (webtiles) character file.

461 Hybris the Shield-Bearer (level 7, -1/70 HPs)
             Began as an Ogre Fighter on Apr 7, 2017.
             Slain by an iguana (9 damage)
             ... on level 4 of the Dungeon.
             The game lasted 00:08:08 (4033 turns).

Hybris the Shield-Bearer (Ogre Fighter)             Turns: 4033, Time: 00:08:09

Health: -1/70      AC:  2    Str: 23    XL:     7   Next: 7%
Magic:  7/7        EV:  9    Int:  9    God:
Gold:   91         SH:  9    Dex:  8    Spells: 6/6 levels left

rFire    . . .     SeeInvis +   a - +0 flail
rCold    . . .     Gourm    .   c - +0 shield
rNeg     . . .     Faith    .   b - +0 robe
rPois    .         Spirit   .   (helmet restricted)
rElec    .         Reflect  .   (no cloak)
rCorr    .         Harm     .   (gloves unavailable)
MR       .....                  (boots unavailable)
Stlth    +.........             (no amulet)
Regen    0.3/turn               (no ring)
MPRegen  0.1/turn               (no ring)

@: no status effects
A: unfitting armour, see invisible, deformed body, tough skin 1, sturdy frame 1
a: no special abilities


You were on level 4 of the Dungeon.
You were not hungry.

You visited 1 branch of the dungeon, and saw 4 of its levels.

You collected 173 gold pieces.
You spent 82 gold pieces at shops.

Inventory:

Hand Weapons
 a - a +0 flail (weapon)
Missiles
 p - 4 javelins of returning (quivered)
Armour
 b - a +0 robe (worn)
 c - a +0 shield (worn)
Scrolls
 i - 5 scrolls of identify
 j - a scroll of enchant armour
Comestibles
 d - a chunk of flesh
 f - 6 bread rations
 g - 4 meat rations
 r - a royal jelly


   Skills:
 - Level 4.0 Fighting
 * Level 5.0 Maces & Flails
 - Level 2.6 Dodging
 * Level 5.2 Shields


You had 6 spell levels left.
You didn't know any spells.

Dungeon Overview and Level Annotations

Branches:
Dungeon (4/15)             Temple (0/1) D:4

Altars:

Shops:
D:4 ?

Annotations:
D:4 Sigmund


Innate Abilities, Weirdness & Mutations

You are too large for most types of armour.
You have tough skin. (AC +1)
You have supernaturally acute eyesight. (SInv)
Armour fits poorly on your strangely shaped body.
Your movements are slightly less encumbered by armour. (ER -2)


Message History

You see here an orc corpse.
There's something blocking the doorway.
There is an open door here.
You see here an orc corpse.
You butcher the orc corpse.
d - 2 chunks of flesh
There is an open door here.
As you close the door, it creaks loudly!
You start resting.
Eating one of 2 chunks of flesh.
You eat one of the 2 chunks of flesh.
This raw flesh tastes terrible.
An iguana comes into view.
You aren't carrying any potions.
You open the door.
There is an open door here.
You see here 18 arrows.
As you open the door, it creaks loudly! The iguana bites you.
* * * LOW HITPOINT WARNING * * *
The iguana bites you!
You die...

#(#... #o ..# ##.
..### ..#....
###+###..#.#
#.....#....#
#.###.##.#[#
.......+.@>#.'..†%#
#......#l###.##.))#
#......#.....#.?..#
#......###'#####..#
#.......##..# #..#
#.......###.# #..#
#...#.#.###.# ##>#
#...!∩......# ###
### #...#.#.#####


You could see an iguana.

Vanquished Creatures
  A sky beast (D:3)
  A hound (D:4)
  2 orc priests
  3 orc wizards
  2 worker ants (D:4)
  5 adders
  2 worms
  3 dart slugs
  4 leopard geckos
  14 orcs
  A ball python (D:1)
  3 giant cockroaches
  4 goblins
  7 hobgoblins
  5 jackals (D:2)
  3 quokkas
  A ball python skeleton (D:4)
  9 bats
  4 frilled lizards
  6 kobolds
  8 rats
88 creatures vanquished.

Notes
Turn   | Place    | Note
-------+----------+-------------------------------------------
     0 | D:1      | Hybris the Ogre Fighter began the quest for the Orb.
     0 | D:1      | Reached XP level 1. HP: 24/24 MP: 1/1
   229 | D:1      | Reached XP level 2. HP: 32/32 MP: 2/2
   917 | D:2      | Reached XP level 3. HP: 37/39 MP: 3/3
  1635 | D:2      | Reached XP level 4. HP: 45/48 MP: 4/4
  2260 | D:3      | HP: 2/48 [orc wizard/dagger (6)]
  2575 | D:3      | Reached XP level 5. HP: 54/54 MP: 5/5
  2909 | D:3      | Noticed a sky beast
  2927 | D:3      | HP: 2/54 [something (5)]
  2928 | D:3      | Gained mutation: Your movements are slightly less encumbered by armour. (ER -2) [potion of mutation]
  2928 | D:3      | Gained mutation: Armour fits poorly on your strangely shaped body. [potion of mutation]
  2928 | D:3      | Gained mutation: You have supernaturally acute eyesight. (SInv) [potion of mutation]
  2935 | D:3      | Killed a sky beast
  2935 | D:3      | Reached XP level 6. HP: 5/62 MP: 6/6
  3761 | D:4      | Found Lumah's Magic Scroll Emporium.
  3801 | D:4      | Reached skill level 5 in Shields
  3912 | D:4      | Bought a scroll of enchant armour for 82 gold pieces
  3923 | D:4      | Found a staircase to the Ecumenical Temple.
  3960 | D:4      | Noticed Sigmund
  3983 | D:4      | Reached XP level 7. HP: 9/70 MP: 7/7
  3988 | D:4      | Reached skill level 5 in Maces & Flails
  4033 | D:4      | Slain by an iguana

Vault maps used:
D:1:      minmay_arrival_glassed_features
D:2:      first_bread, hangedman_decor_peaks_small
D:4:      nicolae_ru_sacrificial_ziggurat, marbit_many_paths,
          minmay_temple_entry_glassed_door, serial_shops, nicolae_shop_crystal,
          hangedman_minor_gate_pass, uniq_sigmund

Skill      XL: |  1  2  3  4  5  6  7 |
---------------+----------------------+-----
Maces & Flails | 2 3 4 5 |  5.0
Shields        | 3 4 5 |  5.2
Fighting       | |  4.0
Dodging        | |  2.6

Action                   |  1- 3 |  4- 6 |  7- 9 || total
-------------------------+-------+-------+-------++-------
Melee: Flail             |   159 |   180 |    10 ||   349
  Use: Potion            |       |    10 |       ||    10
       Scroll            |       |     6 |     1 ||     7
 Stab: Sleeping          |     1 |       |       ||     1
  Eat: Chunk             |     3 |     7 |     1 ||    11
Armor: Robe              |    55 |    35 |       ||    90
       Skin              |       |    49 |     1 ||    50
Dodge: Dodged            |    78 |    51 |     3 ||   132
Block: Shield            |    82 |    92 |     3 ||   177
